 Dungeon Crawl Stone Soup version 0.24.0-13-gcf9b319 (webtiles) character file.

Game seed: 6327698056188185394, levelgen mode: deterministic

21606 Arctor the Destroyer (level 12, -6/75 HPs)
             Began as a Gargoyle Wizard on Apr 17, 2020.
             Was a Priest of Vehumet.
             Mangled by a naga warrior
             ... wielding a +0 glaive
              (22 damage)
             ... on level 1 of the Snake Pit on Apr 18, 2020.
             The game lasted 00:48:07 (18805 turns).

Arctor the Destroyer (Gargoyle Wizard)             Turns: 18805, Time: 00:48:07

Health: -6/75      AC: 17    Str: 12    XL:     12   Next: 91%
Magic:  21/33      EV: 11    Int: 28    God:    Vehumet [***...]
Gold:   790        SH:  0    Dex:  8    Spells: 18/27 levels left

rFire    . . .     SeeInvis .   l - +5 dagger (venom)
rCold    . . .     Gourm    .   (no shield)
rNeg     + . .     Faith    .   E - +2 robe {Archmagi}
rPois    ∞         Spirit   .   D - +2 hat {Int+3}
rElec    +         Reflect  .   (no cloak)
rCorr    .         Harm     .   (no gloves)
MR       .....                  (no boots)
Stlth    ++........             (no amulet)
HPRegen  0.22/turn              v - ring of magical power
MPRegen  0.23/turn              (no ring)

@: very slightly contaminated, slowed, constricted, very slow
A: thin metallic scales 1, clever 1, negative energy resistance 1, electricity
resistance, unbreathing, petrification resistance, rot immunity, AC +8
a: Renounce Religion


You were on level 1 of the Snake Pit.
You worshipped Vehumet.
Vehumet was most pleased with you.
You were not hungry.

You visited 5 branches of the dungeon, and saw 17 of its levels.

You collected 790 gold pieces.

Inventory:

Hand Weapons
 a - the +1 rapier "Dongeck" {flame, rC+ MR+ SInv, unknown}
   (You found it on level 3 of the Lair of Beasts)

   It has been specially enchanted to burn those struck by it, causing extra
   injury to most foes and up to half again as much damage against particularly
   susceptible opponents.
   It protects you from cold.
   It affects your resistance to hostile enchantments.
   It lets you see invisible.
 e - a +0 club
 j - a +0 vampiric hand axe
 l - a +5 dagger of venom (weapon)
 x - a +5 battleaxe of freezing
Armour
 D - a +2 hat of intelligence (worn)
 E - a +2 robe of the Archmagi (worn)
Jewellery
 f - an uncursed amulet of guardian spirit
 v - a ring of magical power (left hand)
Wands
 c - a wand of clouds (3)
 k - a wand of digging (7)
 m - a wand of polymorph (10)
 o - a wand of iceblast (3)
 z - a wand of enslavement (12)
Scrolls
 g - 3 scrolls of amnesia
 h - 6 scrolls of remove curse
 q - 4 scrolls of identify
 t - a scroll of noise
 w - 2 scrolls of magic mapping
 A - 2 scrolls of enchant armour
 F - a scroll of enchant weapon
Potions
 b - a potion of berserk rage {unknown}
 i - 2 potions of brilliance
 n - 2 potions of flight
 p - 2 potions of haste
 r - a potion of might {unknown}
 u - 5 potions of curing
 B - a potion of heal wounds
Comestibles
 d - 15 rations


   Skills:
 - Level 8.9 Fighting
 - Level 5.9 Short Blades
 - Level 9.0 Armour
 - Level 7.1 Dodging
 - Level 2.1 Stealth
 - Level 8.2 Spellcasting
 - Level 11.0 Conjurations
   Level 0.8 Summonings
 - Level 0.8 Translocations
 + Level 6.0 Fire Magic


You had 18 spell levels left.
You knew the following spells:

 Your Spells              Type           Power        Failure   Level  Hunger
a - Magic Dart            Conj           ####         1%          1    None
b - Conjure Flame         Conj/Fire      ######..     1%          3    None
c - Mephitic Cloud        Conj/Pois/Air  #####...     1%          3    None
d - Blink                 Tloc           N/A          4%          2    None

Your spell library contained the following spells:

 Spells                   Type           Power        Failure   Level  Hunger
 Dazzling Spray           Conj/Hex       ######       1%          3    None
 Sting                    Conj/Pois      ####         1%          1    None
 Summon Small Mammal      Summ           ###.         3%          1    None
 Call Imp                 Summ           ###.....     4%          2    None
 Venom Bolt               Conj/Pois      ######....   4%          5    ####...
 Poisonous Vapours        Pois/Air       ###...       8%          2    None
 Slow                     Hex            ###.....     8%          2    None
 Call Canine Familiar     Summ           ###.....     10%         3    None
 Summon Guardian Golem    Hex/Summ       ###.....     12%         3    None
 Olgreb's Toxic Radiance  Pois           ###.....     13%         4    #......
 Summon Ice Beast         Ice/Summ       ###.....     38%         4    #......
 Summon Lightning Spire   Summ/Air       ###.....     38%         4    #......


Dungeon Overview and Level Annotations

Branches:
Dungeon (9/15)             Temple (1/1) D:7            Lair (4/6) D:8
 Shoals (0/4) Lair:3        Snake (1/4) Lair:3          Orc (2/2) D:9
    Elf: Orc:2

Altars:
Ashenzari
Elyvilon
Fedhas
Gozag
Hepliaklqana
Kikubaaqudgha
Qazlal
Ru
Trog
Vehumet
Wu Jian
Yredelemnul
Zin
The Shining One

Shops:
D:8 :

Annotations:
Lair:1 exclusion: oklob plant
Lair:4 Kirke
Orc:2 Jorgrun


Innate Abilities, Weirdness & Mutations

You are resistant to torment.
Your stone body is resilient. (AC +8)
You are immune to poison.
You resist negative energy. (rN+)
You are resistant to electric shocks. (rElec)
You can survive without breathing.
You are immune to petrification.
You are immune to rotting.
You are partially covered in thin metallic scales. (AC +2)
Your mind is acute. (Int +2)


Message History

The guardian serpent coils itself and waves its upper body at you.
The bolt of poison hits you but does no damage.
You resist.
Casting: Blink (safe; 4% risk of failure)
Confirm with . or Enter, or press ? or * to list all spells.
You feel a surge of power!
You blink.
The black mamba barely misses you.
The guardian serpent closely misses you.
Casting: Blink (safe; 4% risk of failure)
Confirm with . or Enter, or press ? or * to list all spells.
You feel a surge of power!
You blink.
As you read the scroll of fog, it crumbles to dust.
The scroll dissolves into smoke.
The guardian serpent coils itself and performs some mystic snake dance.
The naga warrior blinks!
The naga warrior completely misses you. The naga warrior grabs you.
* * * LOW HITPOINT WARNING * * *
The naga warrior constricts you.
The black mamba bites you but does no damage.
The naga warrior hits you with a +0 glaive!!
You die...

##...... #
.###......# ..
#.#....#..# #...
#.........# .#....
##.........#
......##..........#
...............§.##
#...###.....S.N§§§#
......##.NN§.§S@§#.#
#......#.§....N§N###
.......#..<..§....#
..................#
............###$..#
##..........# #...#
##..........###.#.#
###......#..# .#.#
#...#..#### .#


You could see 2 naga warriors, a guardian serpent, a black mamba and a naga.

Vanquished Creatures
  Gastronok (Lair:1)
  Josephine (Orc:1)
  2 hydras
  A shock serpent (Snake:1)
  An orc knight (Orc:2)
  An oklob plant (Lair:1)
  Pikel (D:4)
  A deep elf mage (D:7)
  2 merfolk sirens (Lair:3)
  2 spiny frogs (Lair:1)
  2 merfolk (Lair:3)
  2 trolls
  A polar bear (Lair:2)
  2 hippogriffs (Lair:1)
  11 blink frogs
  3 wyverns (Lair:3)
  22 yaks
  2 basilisks
  3 wraiths
  A hungry ghost (D:7)
  6 nagas (Lair:3)
  6 water moccasins
  5 porcupines
  4 orc warriors
  A black bear (D:9)
  2 ice beasts
  4 phantoms
  A necrophage (D:7)
  4 ogres
  4 centaurs
  19 wolves
  7 crocodiles
  2 big kobolds
  Blork the orc (D:4)
  4 bullfrogs
  A wyvern zombie (D:8)
  A wyvern skeleton (D:8)
  5 scorpions
  5 killer bees (D:7)
  3 wights (D:7)
  2 electric eels (D:8)
  3 howler monkeys (D:9)
  4 crimson imps
  2 jellies
  A bullfrog zombie (D:9)
  6 orc wizards
  9 hounds
  4 orc priests
  A centaur skeleton (D:5)
  An iguana (D:9)
  Ijyb (D:4)
  2 worker ants
  6 gnolls
  9 adders
  An ooze (D:2)
  2 adder skeletons
  5 worms
  2 dart slugs (D:1)
  A leopard gecko (D:9)
  27 orcs
  4 bat zombies (D:8)
  5 giant cockroaches
  9 goblins
  11 hobgoblins
  11 jackals
  16 kobolds
  4 quokkas
  7 bats
  7 frilled lizards
  A giant cockroach zombie (D:6)
  A jackal skeleton (D:7)
  2 leopard gecko skeletons
  A quokka skeleton (D:6)
  6 rats
  A rat zombie (D:8)
  A fungus (Lair:3)
323 creatures vanquished.

Vanquished Creatures (others)
  An orc priest (Orc:2)
  A worker ant (D:4)
  An orc (Orc:2)
  A jackal (D:4)
  A bush (Lair:3)
  8 fungi
  5 plants
18 creatures vanquished.

Grand Total: 341 creatures vanquished

Notes
Turn   | Place    | Note
-------+----------+-------------------------------------------
     0 | D:1      | Arctor the Gargoyle Wizard began the quest for the Orb.
     0 | D:1      | Reached XP level 1. HP: 10/10 MP: 4/4
     5 | D:1      | Noticed an anaconda
    11 | D:1      | Noticed an anaconda
    97 | D:1      | Reached skill level 2 in Conjurations
   157 | D:1      | Reached XP level 2. HP: 11/15 MP: 0/6
   524 | D:1      | Reached skill level 3 in Conjurations
   648 | D:1      | Reached XP level 3. HP: 19/19 MP: 1/7
   653 | D:1      | Learned a level 3 spell: Conjure Flame
   657 | D:1      | Learned a level 3 spell: Mephitic Cloud
  1428 | D:2      | Reached skill level 4 in Conjurations
  1428 | D:2      | Reached XP level 4. HP: 24/24 MP: 0/8
  1837 | D:2      | Reached skill level 5 in Conjurations
  2322 | D:3      | Reached XP level 5. HP: 13/28 MP: 0/9
  2642 | D:3      | Found a sacrificial altar of Ru.
  2815 | D:3      | Learned a level 2 spell: Blink
  2910 | D:3      | Found a glowing silver altar of Zin.
  3031 | D:3      | Found a basalt altar of Yredelemnul.
  3043 | D:3      | Found a stormy altar of Qazlal.
  3048 | D:3      | Found a hazy altar of Hepliaklqana.
  3134 | D:4      | Reached skill level 6 in Conjurations
  3207 | D:4      | Noticed Blork the orc
  3218 | D:4      | Killed Blork the orc
  3218 | D:4      | Reached XP level 6. HP: 32/32 MP: 0/10
  3260 | D:4      | Noticed a slave
  3262 | D:4      | Noticed a slave
  3263 | D:4      | Noticed a slave
  3264 | D:4      | Noticed Pikel
  3264 | D:4      | Noticed Ijyb
  3270 | D:4      | Noticed a slave
  3285 | D:4      | Killed Pikel
  3285 | D:4      | Reached skill level 1 in Short Blades
  3285 | D:4      | Reached skill level 7 in Conjurations
  3285 | D:4      | Reached XP level 7. HP: 29/40 MP: 1/12
  3293 | D:4      | Killed Ijyb
  3515 | D:4      | Reached XP level 8. HP: 45/45 MP: 3/13
  3665 | D:4      | Found an ornate altar of the Wu Jian Council.
  3862 | D:5      | Entered Level 5 of the Dungeon
  3869 | D:5      | Got a transparent leather armour
  3891 | D:5      | Identified the cursed +1 leather armour of Dioxt {rElec rN+
                  | Str+5 Int-4} (You found it on level 5 of the Dungeon)
  4614 | D:5      | Noticed a yak
  4616 | D:5      | Noticed a yak
  4619 | D:5      | Noticed a yak
  4619 | D:5      | Noticed a yak
  4619 | D:5      | Noticed a yak
  4625 | D:5      | Killed a yak
  4640 | D:5      | Killed a yak
  4658 | D:5      | Killed a yak
  4658 | D:5      | Reached skill level 8 in Conjurations
  4658 | D:5      | Reached XP level 9. HP: 31/52 MP: 5/15
  6081 | D:6      | Reached skill level 5 in Spellcasting
  6783 | D:7      | Reached skill level 5 in Armour
  6814 | D:7      | Reached skill level 5 in Fighting
  7099 | D:7      | Noticed a deep elf mage
  7124 | D:7      | Killed a deep elf mage
  7124 | D:7      | Reached XP level 10. HP: 34/59 MP: 4/18
  7942 | D:7      | Found a staircase to the Ecumenical Temple.
  8026 | Temple   | Entered the Ecumenical Temple
  8036 | Temple   | Became a worshipper of Vehumet
  8078 | D:8      | Reached skill level 9 in Conjurations
  8251 | D:8      | Found an opulent altar of Gozag.
  8436 | D:8      | Found Tiuteull's Book Shop.
  8534 | D:8      | Found a staircase to the Lair.
  8771 | D:8      | Reached * piety under Vehumet
  8771 | D:8      | Offered knowledge of Sandblast by Vehumet.
  8782 | D:8      | Found an ancient bone altar of Kikubaaqudgha.
  8849 | D:8      | Reached skill level 5 in Short Blades
  8849 | D:8      | Reached skill level 1 in Fire Magic
  9091 | D:9      | Found a blossoming altar of Fedhas.
  9186 | D:9      | Found a glowing golden altar of the Shining One.
  9279 | D:9      | Reached skill level 5 in Dodging
  9288 | D:9      | HP: 2/60 [black bear (5)]
  9292 | D:9      | Gained mutation: You are partially covered in thin metallic
                  | scales. (AC +2) [potion of mutation]
  9292 | D:9      | Gained mutation: Your mind is acute. (Int +2) [potion of
                  | mutation]
  9431 | D:9      | Offered knowledge of Throw Flame by Vehumet.
  9490 | D:9      | Reached ** piety under Vehumet
  9822 | D:9      | Found a staircase to the Orcish Mines.
 10332 | Orc:1    | Entered Level 1 of the Orcish Mines
 10463 | Orc:1    | Reached XP level 11. HP: 24/66 MP: 20/20
 10492 | Orc:1    | Noticed Josephine
 10714 | Orc:1    | Killed Josephine
 10902 | Orc:2    | Entered Level 2 of the Orcish Mines
 10907 | Orc:2    | Noticed Jorgrun
 10917 | Orc:2    | Noticed an orc knight
 11107 | Lair:1   | Entered Level 1 of the Lair of Beasts
 11148 | Lair:1   | Noticed Gastronok
 12150 | Lair:1   | Noticed a five-headed hydra
 12150 | Lair:1   | Noticed an oklob plant
 12179 | Lair:1   | Killed a five-headed hydra
 12441 | Lair:1   | Noticed an oklob plant
 12945 | Lair:1   | Killed an oklob plant
 12945 | Lair:1   | Reached skill level 10 in Conjurations
 13369 | Lair:1   | Killed Gastronok
 14005 | Lair:2   | Reached XP level 12. HP: 56/73 MP: 23/23
 14119 | Lair:2   | Noticed a five-headed hydra
 14140 | Lair:2   | Killed a five-headed hydra
 14140 | Lair:2   | Offered knowledge of Throw Frost by Vehumet.
 14207 | Lair:2   | HP: 1/73 [blink frog (12)]
 14651 | Lair:2   | Reached skill level 5 in Fire Magic
 14679 | Lair:2   | Reached *** piety under Vehumet
 15578 | Lair:3   | Found a staircase to the Shoals.
 16136 | Orc:2    | HP: 1/74 [Jorgrun/blast of rock fragments (25)]
 16952 | Lair:3   | Got a warped rapier
 17050 | Lair:3   | Offered knowledge of Dazzling Spray by Vehumet.
 17733 | Lair:3   | Reached skill level 11 in Conjurations
 18106 | Lair:3   | Found a staircase to the Snake Pit.
 18451 | Lair:4   | Noticed Kirke
 18764 | Snake:1  | Entered Level 1 of the Snake Pit
 18764 | Snake:1  | Noticed a shock serpent
 18779 | Snake:1  | Killed a shock serpent
 18785 | Snake:1  | Noticed a naga warrior
 18796 | Snake:1  | Noticed a naga warrior
 18805 | Snake:1  | Mangled by a naga warrior

Levels and vault maps discovered:
D:1:      sevenhm_arrival_forest_fort_small_2, layout_loops_cross,
          minmay_heptomino_l4
D:2:      layout_loops_ring, first_ration
D:3:      layout_rooms, zin_treasury, lemuel_doored_altar,
          minmay_overflow_temple_star_quad
D:4:      layout_rooms, kennysheep_little_box, uniq_blork_the_orc, uniq_pikel,
          uniq_ijyb
D:5:      wander_river, layout_basic, minivault_24
D:6:      layout_loops_corners
D:7:      layout_basic, minmay_temple_entry_glass
D:8:      layout_loops_ring, lemuel_zombie_altar_kikubaaqudgha,
          lemuel_crystal_altar, erik_lair_island, serial_shops, shop
D:9:      layout_roguey, lemuel_coloured_pillars_altar,
          nicolae_tso_carved_into_rock, david_orc_2
Temple:   nicolae_temple_hex_pool
Lair:1:   layout_roguey, minmay_lair_oklob_chamber, lemuel_fruit_fields,
          uniq_gastronok
Lair:2:   layout_gridlike, lemuel_fruit_fields, lemuel_fruit_fields
Lair:3:   layout_loops_ring, elwin_shoals_entry_stream,
          minmay_snake_entry_guardpost_medium
Lair:4:   layout_regular_city, infiniplex_staircase_pool_2, uniq_kirke,
          uniq_rupert
Snake:1:  layout_onion_interference
Orc:1:    layout_caves, uniq_josephine, uniq_maurice
Orc:2:    grunt_orc_tribal_feast, layout_caves, serial_shops,
          nicolae_shop_trees, uniq_jorgrun

Skill      XL: |  1  2  3  4  5  6  7  8  9 10 11 12 |
---------------+-------------------------------------+-----
Conjurations   | 2 3 4 5 6 7 8 9 10 11 | 11.0
Fighting       | 2 3 5 6 7 8 |  8.9
Short Blades   | 1 3 4 5 |  5.9
Armour         | 2 3 5 6 7 9 |  9.0
Dodging        | 2 3 4 5 6 7 |  7.1
Spellcasting   | 4 5 6 7 8 |  8.2
Fire Magic     | 2 4 6 |  6.0
Stealth        | |  2.1
Summonings     | |  0.8
Translocations | |  0.8

Action                   |  1- 3 |  4- 6 |  7- 9 | 10-12 || total
-------------------------+-------+-------+-------+-------++-------
Melee: Unarmed           |    30 |       |       |       ||    30
       Club              |     9 |    70 |       |       ||    79
       Dagger            |       |    13 |   163 |   527 ||   703
 Cast: Magic Dart        |    66 |   119 |   247 |   598 ||  1030
       Mephitic Cloud    |       |       |     4 |    56 ||    60
       Blink             |       |       |       |    22 ||    22
       Conjure Flame     |       |       |       |    21 ||    21
Evoke: Wand              |       |       |       |    17 ||    17
  Use: Scroll            |     1 |     5 |     4 |    11 ||    21
       Potion            |       |       |       |    11 ||    11
 Stab: Confused          |       |       |     2 |    27 ||    29
  Eat: Chunk             |     1 |     6 |     9 |    16 ||    32
       Ration            |       |       |     1 |     7 ||     8
Armor: Robe              |    10 |    58 |     2 |   171 ||   241
       Skin              |       |       |    11 |       ||    11
       Leather armour    |       |       |    82 |   162 ||   244
Dodge: Dodged            |    33 |    88 |   157 |   558 ||   836
